Map: Snowy Mesa

Players

Pursuit

  • Race: Terran Terran
  • League: Master
  • Spawn Location: 6:00

Cuervo

  • Race: Zerg Zerg
  • Spawn Location: 6:00

Frish - Winner!

  • Race: Zerg Zerg
  • League: Platinum
  • Spawn Location: 12:00

Oglio - Winner!

  • Race: Protoss Protoss
  • Spawn Location: 12:00

VOD

Have the link to the VOD?

Description

Time

  • Played on: Sept. 22, 2017, 5:54 p.m.
  • Length: 18:02
Show
View Real Time Build Order
Export as new Build Order

Pursuit Terran 

Build Orders: MMM Bio 

Get SALT Encoding   

  12  0:01  SCV  
  13  0:13  SCV  
  14  0:17  Supply Depot  
  14  0:25  SCV  
  15  0:39  SCV  
  15  0:40  Barracks  
  16  0:51  SCV  
  17  1:03  SCV  
  18  1:15  SCV  
  19  1:19  Command Center  
  19  1:27  Orbital Command  
  19  1:30  Marine  
  20  1:42  Supply Depot  
  20  1:48  Marine  
  21  1:54  SCV  
  21  1:57  Barracks  
  22  2:06  Barracks, SCV  
  22  2:08  Marine  
  24  2:18  SCV  
  24  2:21  Refinery x2  
  25  2:27  Marine  
  26  2:30  SCV  
  26  2:32  Orbital Command  
  27  2:43  SCV  
  28  2:45  Marine  
  28  2:47  Marine  
  30  2:54  Barracks Tech Lab  
  30  2:55  SCV  
  30  2:58  SCV  
  32  3:07  SCV  
  32  3:10  Supply Depot, SCV  
  32  3:11  Barracks Reactor  
  34  3:17  Barracks Tech Lab  
  34  3:19  SCV  
  35  3:22  SCV  
  35  3:23  Stimpack  
  36  3:27  Engineering Bay  
  36  3:28  Marine  
  36  3:31  SCV  
  38  3:34  SCV  
  38  3:36  Marine  
  40  3:42  Factory  
  40  3:43  SCV  
  40  3:44  Refinery  
  40  3:46  Marine x2, SCV  
  44  3:55  Missile Turret, SCV  
  45  3:56  Missile Turret  
  45  3:58  Marine x2, SCV  
  48  4:04  Marine  
  48  4:07  SCV  
  50  4:19  Marine  
  50  4:20  Marine  
  50  4:22  SCV  
  50  4:23  SCV  
  54  4:30  Marine  
  54  4:44  Bunker x2  
  54  4:48  Supply Depot  
  54  4:49  Supply Depot  
  54  4:51  Supply Depot  
  54  4:52  Supply Depot  
  54  4:53  Supply Depot  
  54  4:54  Starport  
  54  4:55  Factory Reactor  
  54  5:09  Marine x4, SCV x2  
  54  5:11  Terran Infantry Weapons Level 1, Supply Depot x2  
  60  5:20  Missile Turret  
  60  5:21  SCV x2  
  60  5:26  Supply Depot  
  62  5:28  Combat Shields  
  62  5:33  SCV x2  
  64  5:40  Command Center  
  64  5:43  Medivac  
  64  5:44  Medivac  
  64  5:45  SCV x2  
  64  5:46  Marauder  
  64  5:47  Marine x2, Marauder  
  76  5:50  Refinery  
  76  5:55  Armory  
  76  5:59  Engineering Bay  
  76  6:14  SCV x2  
  78  6:26  Marine x2, Marauder  
  78  6:27  Marauder, Medivac x2  
  88  6:32  Barracks  
  88  6:34  Barracks  
  88  6:49  SCV x2  
  88  6:50  Supply Depot  
  88  6:53  Concussive Shells  
  90  6:54  Marine x2  
  90  6:55  Marauder x2  
  96  7:17  Marine x2, Missile Turret, Marauder x2  
  96  7:18  Medivac x2  
  96  7:19  Missile Turret  
  96  7:20  Sensor Tower, Missile Turret  
  106  7:27  Sensor Tower  
  106  7:29  SCV x2  
  108  7:32  Planetary Fortress  
  108  7:40  Barracks Reactor, Barracks Tech Lab  
  108  7:41  Marine x2, Marauder x2  
  114  7:46  SCV x2  
  116  7:51  Terran Infantry Weapons Level 2  
  116  7:52  Terran Infantry Armor Level 1  
  116  7:58  SCV  
  116  7:59  Command Center  
  116  8:03  SCV  
  118  8:05  Medivac x2  
  118  8:08  SCV, Refinery  
  118  8:10  SCV, Refinery  
  124  8:16  Barracks x2  
  124  8:18  Barracks  
  124  8:24  SCV x3  
  127  8:42  Marine x3  
  127  8:43  Marine x2  
  127  8:44  Marine x2  
  127  8:45  Medivac x2  
  138  8:55  Command Center  
  138  8:58  Supply Depot  
  138  8:59  Supply Depot  
  138  9:00  Supply Depot  
  138  9:10  Barracks Reactor  
  138  9:20  Supply Depot, Barracks Tech Lab  
  138  9:24  Barracks Reactor  
  138  9:25  Planetary Fortress  
  138  9:27  Missile Turret  
  138  9:30  Missile Turret  
  138  9:31  Marine x6  
  140  9:32  Marine, Medivac  
  140  9:33  Missile Turret, Medivac  
  140  9:36  Factory Reactor  
  149  9:38  Starport  
  149  9:48  Marine  
  149  9:49  Marine x4, Marauder  
  149  9:50  Marine x2, Marauder x2  
  149  9:51  Terran Infantry Armor Level 2  
  162  10:13  Marine, Marauder  
  162  10:14  Marine x3, Marauder x2  
  172  10:26  Barracks  
  172  10:27  Barracks  
  172  10:28  Barracks  
  172  10:37  Marine x4, Marauder x3  
  172  10:38  Marine x4, Marauder  
  188  10:51  Command Center  
  188  10:52  Orbital Command  
  188  10:55  Marine x4  
  185  11:00  Marine x2  
  185  11:01  Marine x6  
  187  11:09  Ghost Academy  
  187  11:13  Marine x2  
  187  11:15  Barracks Reactor  
  187  11:16  Barracks Tech Lab x2  
  189  11:33  Command Center  
  189  11:39  Terran Infantry Weapons Level 3  
  145  11:54  Marine x5, Marauder x2  
  145  11:55  Marine x9  
  145  11:56  Medivac x4  
  142  12:12  Marine x10  
  142  12:13  Marine, Marauder x3  
  142  12:15  Marine  
  160  12:28  Terran Infantry Armor Level 3  
  160  12:31  Marauder x2  
  164  12:42  Marauder x3  
  168  12:48  Marine x6, Marauder  
  143  12:53  Marauder x2  
  143  12:57  Marine x4  
  147  13:03  Marine x3  
  150  13:14  Missile Turret  
  150  13:15  Ghost x2  
  150  13:16  Ghost  
  156  13:20  Ghost  
  156  13:21  Ghost x2  
  162  13:35  Missile Turret  
  162  13:36  Missile Turret  
  162  13:40  Marine x2  
  162  13:41  Marine x8  
  158  13:44  Marine x3  
  158  13:47  Medivac x3  
  157  13:58  Personal Cloaking  
  157  14:00  Planetary Fortress  
  157  14:03  Missile Turret x2  
  157  14:04  Missile Turret  
  150  14:23  Medivac x2  
  150  14:24  Medivac x2  
  156  14:32  Ghost x3  
  156  14:33  Ghost x2  
  166  14:46  Sensor Tower  
  166  14:53  Marine  
  166  14:54  Marine x10, Orbital Command  
  177  15:20  Orbital Command  
  166  16:07  Marauder x2  
  166  16:08  Marine x9, Marauder x4  
  166  16:09  Marine, Medivac x2  
  166  16:10  Medivac x2  
  196  16:26  Marine x4  
  196  16:29  Nuke  
  200  16:33  Ghost Academy  
  200  16:35  Ghost Academy  
  200  16:45  SCV x3  
  184  17:13  Marine x9  
  184  17:14  Marine x6  
  197  17:17  Missile Turret  
  100  17:44  Marine  
Show
View Real Time Build Order
Export as new Build Order

Cuervo Zerg 

Build Orders: Pool First 

Get SALT Encoding   

  12  0:01  Drone  
  13  0:08  Drone  
  14  0:17  Overlord  
  14  0:22  Extractor  
  14  0:23  Drone  
  16  0:35  Drone x2  
  17  0:46  Spawning Pool  
  17  0:48  Drone  
  17  0:52  Extractor  
  17  0:57  Drone  
  17  1:17  Drone x2  
  19  1:32  Drone  
  19  1:34  Queen  
  19  1:38  Overlord  
  22  1:51  Hatchery  
  22  1:53  Drone  
  22  2:03  Zergling x2  
  23  2:15  Drone  
  24  2:19  Metabolic Boost  
  24  2:26  Baneling Nest  
  24  2:29  Drone  
  24  2:33  Drone  
  25  2:45  Zergling x2  
  25  2:46  Zergling x6  
  29  2:55  Lair  
  29  3:04  Drone  
  29  3:05  Hatchery  
  29  3:21  Zergling x2  
  29  3:22  Zergling x6  
  33  3:29  Drone  
  33  3:30  Evolution Chamber  
  33  3:32  Overlord  
  35  3:37  Drone  
  36  3:59  Zergling x2  
  36  4:00  Zergling x8  
  38  4:23  Queen x2  
  42  4:29  Spore Crawler  
  36  4:34  Drone  
  36  4:36  Drone x2  
  34  5:08  Hatchery, Baneling x4  
  34  5:09  Baneling x5  
  34  5:10  Baneling  
  33  5:25  Drone x6  
  39  5:37  Drone x2  
  39  5:39  Extractor  
  40  6:03  Overlord x3  
  40  6:33  Drone x3  
  40  6:36  Hatchery  
  42  7:09  Drone x2  
  42  7:10  Drone x10  
  54  7:26  Hydralisk Den  
  53  7:30  Drone x4  
  53  7:33  Evolution Chamber  
  53  7:34  Extractor  
  55  7:38  Extractor  
  42  7:53  Queen  
  42  7:55  Drone  
  42  7:56  Drone x2  
  47  8:05  Drone x4  
  48  8:06  Drone x2  
  48  8:09  Overlord  
  52  8:17  Drone  
  52  8:18  Drone x4  
  57  8:24  Muscular Augments  
  57  8:26  Hydralisk  
  59  8:29  Queen  
  61  8:35  Drone x5  
  66  8:43  Extractor  
  66  8:44  Extractor  
  66  8:48  Zerg Missile Weapons Level 1  
  64  8:50  Zerg Ground Armor Level 1  
  64  8:57  Infestation Pit  
  64  9:00  Queen  
  65  9:07  Hydralisk x5  
  65  9:08  Hydralisk x2  
  79  9:23  Overlord  
  79  9:24  Overlord x5  
  79  9:34  Hive  
  79  9:45  Hydralisk  
  79  9:46  Hydralisk x7  
  79  9:51  Roach Warren  
  94  9:54  Drone  
  95  10:07  Zergling x2  
  95  10:08  Zergling x2  
  97  10:26  Hydralisk x2  
  97  10:27  Hydralisk x9  
  119  10:29  Swarm Host  
  119  10:32  Glial Reconstitution  
  122  10:36  Hatchery  
  121  10:46  Hydralisk x3  
  127  10:50  Overlord x4  
  127  11:18  Hydralisk x6  
  127  11:19  Hydralisk x4  
  147  11:28  Zerg Missile Weapons Level 2  
  146  11:34  Roach  
  146  11:35  Roach x2  
  143  12:03  Roach  
  143  12:04  Roach x6  
  157  12:12  Roach x4  
  157  12:14  Overlord  
  157  12:15  Overlord x10  
  157  12:36  Roach  
  157  12:37  Roach x6  
  149  12:50  Roach  
  149  12:51  Roach x6  
  102  13:02  Zerg Ground Armor Level 2  
  96  13:13  Hydralisk  
  96  13:14  Hydralisk x7  
  112  13:32  Roach x7  
  98  13:48  Hydralisk  
  98  13:49  Hydralisk x4  
  104  14:11  Hydralisk x6  
  116  14:18  Roach  
  116  14:19  Roach x2  
  122  14:27  Zerg Missile Weapons Level 3  
  122  14:31  Roach  
  122  14:32  Roach  
  126  14:46  Drone x2  
  126  14:47  Hydralisk  
  126  14:48  Hydralisk  
  132  15:01  Drone  
  132  15:04  Drone  
  132  15:05  Drone  
  132  15:06  Hydralisk  
  135  15:07  Hydralisk x2  
  141  15:20  Zerg Ground Armor Level 3  
  114  15:47  Hydralisk x4  
  114  15:48  Hydralisk x2  
  122  15:59  Hydralisk  
  122  16:00  Hydralisk  
  43  17:32  Hatchery  
Show
View Real Time Build Order
Export as new Build Order

Frish Zerg - Winner!

Build Orders: Hatch First 

Get SALT Encoding   

  12  0:01  Drone  
  13  0:08  Drone  
  14  0:15  Extractor  
  14  0:16  Drone  
  15  0:22  Overlord  
  15  0:40  Drone x2  
  17  0:55  Hatchery  
  17  0:56  Drone  
  17  1:11  Spawning Pool  
  17  1:14  Drone  
  17  1:23  Drone x2, Extractor  
  18  1:29  Drone  
  19  2:00  Queen  
  21  2:01  Zergling x2  
  22  2:09  Overlord  
  22  2:27  Metabolic Boost, Queen  
  22  2:29  Drone x4  
  28  2:45  Spine Crawler  
  28  2:46  Overlord  
  28  2:48  Zergling x2  
  28  3:03  Overlord  
  28  3:07  Evolution Chamber  
  27  3:12  Extractor  
  27  3:13  Queen  
  27  3:14  Zergling x8  
  27  3:15  Zergling x4  
  34  3:26  Zergling x6  
  37  3:43  Drone x4  
  41  3:50  Overlord x2  
  41  4:02  Overlord  
  41  4:09  Lair  
  41  4:15  Zerg Melee Weapons Level 1  
  41  4:20  Evolution Chamber  
  40  4:27  Drone x3, Zergling x2  
  44  4:41  Drone x2  
  46  4:52  Drone x2  
  48  4:53  Drone x4  
  52  5:11  Zerg Ground Armor Level 1  
  52  5:12  Drone x3  
  55  5:20  Extractor  
  55  5:21  Extractor  
  53  5:22  Drone x3  
  53  5:23  Drone  
  53  5:24  Baneling Nest  
  56  5:39  Pneumatized Carapace  
  56  5:41  Drone  
  57  5:51  Hatchery  
  56  6:09  Centrifical Hooks  
  56  6:11  Zerg Melee Weapons Level 2  
  56  6:34  Hatchery  
  55  6:41  Overlord x3  
  55  6:48  Infestation Pit  
  55  6:49  Spore Crawler  
  53  6:57  Spore Crawler, Drone x7  
  59  7:03  Overseer  
  59  7:08  Baneling x6  
  59  7:09  Baneling  
  59  7:18  Overlord x3  
  59  7:19  Overlord  
  59  7:22  Burrow  
  59  7:24  Hive  
  59  7:30  Zerg Ground Armor Level 2  
  59  7:43  Zergling x4  
  59  7:44  Zergling x8  
  54  7:51  Pathogen Glands  
  55  7:53  Queen  
  56  8:20  Baneling x2  
  56  8:24  Drone x5  
  56  8:25  Drone  
  62  8:39  Infestor x5  
  72  8:54  Extractor x2  
  70  8:56  Spore Crawler  
  70  8:57  Spore Crawler  
  70  9:00  Spore Crawler  
  70  9:02  Spore Crawler  
  66  9:03  Zerg Melee Weapons Level 3  
  66  9:16  Ultralisk Cavern  
  65  9:22  Drone x2  
  65  9:23  Drone x4  
  71  9:24  Drone x5  
  71  9:25  Drone x2  
  71  9:26  Drone x5  
  83  9:59  Extractor  
  82  10:00  Extractor  
  82  10:01  Zerg Ground Armor Level 3  
  82  10:02  Chitinous Plating  
  81  10:08  Overlord  
  81  10:09  Overlord x2  
  81  10:11  Adrenal Glands  
  81  10:12  Zergling x2  
  81  10:13  Zergling x28  
  95  10:29  Ultralisk x2  
  107  10:41  Baneling  
  107  10:42  Baneling x6  
  107  10:43  Baneling  
  107  10:58  Drone x3  
  107  10:59  Overlord x2  
  107  11:00  Overlord x2  
  110  11:15  Queen  
  110  11:17  Queen  
  114  11:23  Ultralisk x4  
  117  12:00  Zergling x2  
  117  12:01  Zergling x30  
  114  12:02  Ultralisk  
  114  12:03  Ultralisk x2  
  139  12:37  Baneling x6  
  106  12:52  Zergling x2  
  106  12:53  Zergling x26  
  112  13:06  Zergling x2  
  112  13:07  Zergling x6  
  112  13:08  Ultralisk x5  
  146  13:14  Baneling x8  
  146  13:15  Baneling x9  
  146  13:18  Zergling x8  
  134  13:51  Zergling x2  
  134  13:52  Zergling x2  
  135  14:01  Extractor  
  134  14:03  Overlord x3, Hatchery  
  134  14:04  Ultralisk  
  134  14:05  Ultralisk x3  
  157  14:18  Queen  
  158  14:32  Queen x2  
  162  14:39  Overseer  
  162  15:03  Zergling x20  
  172  15:11  Hatchery  
  171  15:17  Spire  
  170  15:50  Zergling x8  
  170  15:51  Zergling x18  
  180  16:05  Baneling x3  
  180  16:06  Baneling x6  
  180  16:12  Queen  
  180  16:16  Zergling x4  
  180  16:17  Zergling x6  
  187  16:29  Nydus Network  
  186  16:48  Queen  
  161  17:28  Extractor  
  147  17:30  Extractor  
  133  17:42  Spore Crawler, Extractor x2  
  133  17:43  Spore Crawler  
Show
View Real Time Build Order
Export as new Build Order

Oglio Protoss - Winner!

Build Orders: Oracle Opening 

Get SALT Encoding   

  12  0:02  Probe (Chrono Boost)  
  13  0:12  Probe (Chrono Boost)  
  14  0:19  Pylon  
  14  0:23  Probe (Chrono Boost)  
  15  0:39  Probe (Chrono Boost), Gateway  
  16  0:42  Assimilator  
  16  0:49  Probe (Chrono Boost)  
  17  0:53  Assimilator  
  17  1:00  Probe (Chrono Boost)  
  18  1:10  Probe (Chrono Boost)  
  19  1:21  Probe (Chrono Boost)  
  20  1:26  Cybernetics Core  
  20  1:31  Probe (Chrono Boost)  
  21  1:45  Probe (Chrono Boost)  
  22  1:49  Pylon  
  22  1:55  Probe (Chrono Boost)  
  23  2:18  Stargate  
  23  2:20  Stargate  
  23  2:24  Forge  
  22  3:03  Photon Cannon  
  22  3:18  Oracle x2  
  28  3:27  Nexus  
  28  3:30  Pylon  
  28  3:58  Void Ray  
  32  4:41  Probe (Chrono Boost), Void Ray  
  37  4:46  Probe (Chrono Boost)  
  37  4:48  Photon Cannon  
  37  4:50  Photon Cannon  
  37  4:51  Photon Cannon, Probe (Chrono Boost)  
  39  4:53  Assimilator  
  39  4:56  Probe (Chrono Boost)  
  40  5:00  Pylon, Assimilator  
  40  5:02  Probe (Chrono Boost)  
  41  5:12  Probe (Chrono Boost)  
  42  5:25  Void Ray x2  
  50  5:35  Probe (Chrono Boost)  
  51  5:38  Probe (Chrono Boost)  
  52  5:45  Probe (Chrono Boost)  
  52  5:49  Probe (Chrono Boost)  
  54  5:56  Probe (Chrono Boost)  
  55  6:06  Probe (Chrono Boost)  
  56  6:17  Void Ray, Probe (Chrono Boost)  
  61  6:24  Protoss Air Weapons Level 1  
  61  7:24  Pylon  
  61  7:26  Cybernetics Core  
  61  7:29  Stargate  
  61  7:32  Stargate  
  61  7:36  Nexus  
  61  7:38  Pylon  
  61  7:39  Pylon  
  61  7:42  Void Ray  
  65  7:52  Void Ray  
  69  8:02  Protoss Air Armor Level 1  
  69  8:11  Pylon  
  69  8:12  Pylon  
  69  8:34  Void Ray x2  
  69  8:35  Void Ray  
  69  8:36  Void Ray  
  85  8:44  Fleet Beacon  
  85  8:55  Probe x2 (Chrono Boost)  
  87  8:59  Assimilator  
  87  9:00  Assimilator  
  87  9:05  Probe x2 (Chrono Boost)  
  89  9:17  Void Ray  
  93  9:28  Protoss Air Weapons Level 2  
  93  9:38  Carrier  
  93  9:42  Graviton Catapult  
  99  9:51  Probe x2 (Chrono Boost)  
  101  10:01  Probe (Chrono Boost)  
  101  10:02  Probe x2 (Chrono Boost)  
  104  10:12  Probe x2 (Chrono Boost)  
  106  11:08  Carrier  
  112  11:28  Pylon  
  112  11:29  Pylon x2  
  112  11:30  Protoss Air Armor Level 2  
  112  11:46  Carrier x2  
  112  11:47  Carrier  
  84  12:33  Carrier  
  86  13:11  Carrier x2  
  86  13:12  Carrier  
  104  13:22  Protoss Air Weapons Level 3  
  104  13:59  Carrier  
  110  14:37  Carrier x2  
  110  14:38  Carrier  
  122  14:40  Pylon  
  122  14:42  Pylon  
  122  14:44  Pylon  
  128  14:47  Pylon  
  128  15:25  Void Ray  
  126  16:03  Void Ray x2  
  126  16:04  Void Ray  
  134  16:08  Void Ray  
  142  16:26  Mothership Core (Chrono Boost)  
  144  16:46  Void Ray  
  154  16:51  Void Ray  
Tags
 
Add a new tag
Caveats
  • Supply blocks, unpowered buildings, or Contaminate may cause inaccurate times.
  • Supply counts are checked every 10 seconds.